AoeStats
← CLİNT EASTWOOD SS

MegaRandom

506913581Analyzed
1v1 RM · 17d ago on Sep 15, 2026· 48m 57s· 2 players
Game mode
Random Map
Map size
Tiny (2 player)
Population
200
Speed
Normal
Resources
Standard
Victory
Conquest
Starting age
Dark Age
Ending age
Imperial Age
RankedLock teamsTeams togetherTeam positionsShared explorationLock speedFull tech treeHidden civsTurbo modeCheats
Victory
Defeat
🇹🇷 Huns · Türkiye
625
+18
🇺🇸 Franks · United States
582
-31
lushii dork
10:02 Feudal Age
9:45 Loom
12:18 Wheelbarrow
12:28 Fishing Lines
14:09 Town Watch
23:59 Scale Barding Armor
27:50 Castle Age
26:19 Gold Mining
29:06 Husbandry
30:11 Padded Archer Armor
31:13 Light Cavalry
32:06 Gillnets
33:33 Murder Holes
35:04 Ballistics
35:27 Double-Bit Axe
35:36 Stone Mining
37:20 Hand Cart
37:58 Fortified Wall
38:01 Careening
39:09 Chain Barding Armor
40:52 Guard Tower
41:13 Siphons
41:22 Masonry
41:22 Demolition Ship
42:42 Herbal Medicine
43:51 Gold Shaft Mining
43:31 Town Patrol
48:04 Imperial Age
45:40 Fletching
48:37 Cavalier
CLİNT EASTWOOD SS
10:49 Feudal Age
12:08 Horse Collar
12:18 Double-Bit Axe
14:07 Gold Mining
20:27 Stone Mining
23:16 Castle Age
21:49 Bloodlines
22:17 Scale Barding Armor
23:08 Forging
22:51 Fletching
23:01 Padded Archer Armor
24:06 Husbandry
26:39 Gold Shaft Mining
27:39 Bow Saw
29:13 Heavy Plow
35:27 Imperial Age
33:52 Iron Casting
33:56 Marauders
34:42 Wheelbarrow
35:08 Ballistics
35:18 Chain Barding Armor
35:29 Cavalier
36:39 Parthian Tactics
37:31 Two-Man Saw
37:02 Hand Cart
37:43 Heavy Cavalry Archer
38:31 Loom
38:44 Town Watch
41:33 Paladin
41:37 Light Cavalry
43:52 Chemistry
44:08 Town Patrol
44:22 Thumb Ring
44:47 Masonry
45:18 Plate Barding Armor
45:01 Leather Archer Armor
44:53 Bodkin Arrow
46:12 Blast Furnace
Connection lost

Rejoining the realm…

Still unreachable

The connection could not be restored.

Session expired

The server has moved on; the page needs a fresh start.